 Dungeon Crawl Stone Soup version 0.26-a0-67-g850bfe61e3 (webtiles) character file.

Game seed: 11230370161203351811

26315 Argons the Grappler (level 12, -2/122 (123) HPs)
             Began as a Troll Transmuter on June 12, 2020.
             Was a High Priest of Wu Jian.
             Slain by a wolf (6 damage)
             ... on level 2 of the Lair of Beasts.
             The game lasted 01:22:38 (13722 turns).

Argons the Grappler (Troll Transmuter)             Turns: 13722, Time: 01:22:39

HP:   -2/122 (123)  AC: 12    Str: 25    XL:     12   Next: 97%
MP:   3/3           EV: 10    Int: 16    God:    Wu Jian [*****.]
Gold: 955           SH:  0    Dex: 10    Spells: 13/13 levels left

rFire    + . .     SeeInvis .     - Unarmed
rCold    + . .     Gourm    +   (no shield)
rNeg     . . .     Faith    .   D - +2 robe {rC+}
rPois    +         Spirit   .   (helmet restricted)
rElec    .         Reflect  .   (no cloak)
rCorr    .         Harm     .   (gloves unavailable)
MR       .....                  (boots unavailable)
Stlth    +.........             K - amulet of the acrobat
HPRegen  0.70/turn              v - ring "Kaxa" {rF+ MP-9 AC+4 Int+7}
MPRegen  0.08/turn              c - ring of poison resistance

@: studying Axes
A: large, unfitting armour, claws 3, fast metabolism 3, gourmand, regeneration
1, shaggy fur 1, tough skin 3
a: Wall Jump, Serpent's Lash, Heavenly Storm, Renounce Religion


You were on level 2 of the Lair of Beasts.
You worshipped Wu Jian.
Wu Jian was extremely pleased with you.
You were very full.

You visited 3 branches of the dungeon, and saw 15 of its levels.
You also visited: Ossuary.

You collected 955 gold pieces.

Inventory:

Hand Weapons
 O - the +3 mace "Nichic" {freeze, rF- Str-5 Int+9 SInv, unknown}
   (You found it on level 10 of the Dungeon)

   It has been specially enchanted to freeze those struck by it, causing extra
   injury to most foes and up to half again as much damage against particularly
   susceptible opponents.
   It can also slow down cold-blooded creatures.
   It affects your strength (-5).
   It affects your intelligence (+9).
   It makes you vulnerable to fire.
   It lets you see invisible.
Missiles
 h - 40 poisoned darts
 j - 8 atropa-tipped darts
 y - 7 boomerangs
 C - 4 javelins (quivered)
 L - 7 silver boomerangs
 M - 2 throwing nets
Armour
 D - a +2 robe of cold resistance (worn)
Jewellery
 c - a ring of poison resistance (right claw)
 e - an uncursed ring of protection from magic
 f - an uncursed amulet of magic regeneration
 o - an uncursed ring of fire
 u - an uncursed ring of flight
 v - the ring "Kaxa" (left claw) {rF+ MP-9 AC+4 Int+7}
   (You acquired it on level 8 of the Dungeon)

   [ring of protection]

   It affects your AC (+4).
   It affects your intelligence (+7).
   It protects you from fire.
   It affects your magic capacity (-9).
 w - the amulet of the Air {Inacc +Fly rElec EV+5 RMsl}
   (You found it on level 4 of the Dungeon)

   [amulet of inaccuracy]

   It reduces the accuracy of all your attacks.
   It affects your evasion (+5).
   It insulates you from electricity.
   It lets you fly.
   It protects you from missiles.
 K - an amulet of the acrobat (around neck)
 N - a cursed amulet of inaccuracy {unknown}
 S - an uncursed ring of protection from magic
Wands
 m - a wand of acid (11)
 s - a wand of random effects (6)
 T - a wand of paralysis (5)
 W - a wand of digging (6)
Scrolls
 a - 3 scrolls of amnesia
 g - 12 scrolls of remove curse
 k - 4 scrolls of enchant armour
 t - 11 scrolls of teleportation
 F - 2 scrolls of enchant weapon
 I - a scroll of blinking
 J - a scroll of fear
 P - 2 scrolls of vulnerability {unknown}
 R - 2 scrolls of identify
 U - a scroll of silence {unknown}
Potions
 b - a potion of cancellation
 i - 6 potions of brilliance
 l - 3 potions of resistance
 n - a potion of might
 p - 5 potions of ambrosia
 q - 2 potions of haste
 r - 2 potions of mutation
 x - a potion of berserk rage
 z - 2 potions of lignification
 A - 5 potions of curing
 B - a potion of magic {unknown}
 E - 2 potions of heal wounds
 H - 2 potions of flight
 Q - a potion of invisibility {unknown}
Books
 G - a manual of Axes
Comestibles
 d - 22 rations
 V - 5 chunks of flesh


   Skills:
 - Level 9.0 Fighting
 - Level 8.0 Throwing
 - Level 8.0 Armour
 - Level 1.5 Dodging
 + Level 14.4 Unarmed Combat
 - Level 1.2 Spellcasting
   Level 1.3 Transmutations


You had 13 spell levels left.
You didn't know any spells.
Your spell library contained the following spells:

 Spells                   Type           Power        Failure   Level  Hunger
 Beastly Appendage        Tmut           #.....       13%         1    ##.....
 Sticks to Snakes         Tmut           #.......     19%         2    ###....
 Animate Skeleton         Necr           N/A          22%         1    ##.....
 Apportation              Tloc           #.....       22%         1    ##.....
 Corona                   Hex            #......      22%         1    ##.....
 Pain                     Necr           #...         22%         1    ##.....
 Summon Small Mammal      Summ           #...         22%         1    ##.....
 Spider Form              Tmut/Pois      #.........   45%         3    ####...
 Confusing Touch          Hex            #.......     56%         3    ####...
 Gell's Gravitas          Tloc           #.........   56%         3    ####...
 Vampiric Draining        Necr           #.........   56%         3    ####...
 Ice Form                 Ice/Tmut       #.......     86%         4    #####..
 Petrify                  Tmut/Erth      #.......     86%         4    #####..
 Animate Dead             Necr           N/A          92%         4    #####..
 Blade Hands              Tmut           #.........   98%         5    ######.
 Agony                    Necr           #.......     99%         5    ######.
 Metabolic Englaciation   Hex/Ice        #.........   99%         5    ######.
 Yara's Violent Unravell  Hex/Tmut       #.........   99%         5    ######.


Dungeon Overview and Level Annotations

Branches:
Dungeon (12/15)            Temple (1/1) D:5            Lair (2/6) D:10
    Orc (0/2) D:10        Ossuary (visited)
  Swamp: Lair:2-4    Shoals: Lair:2-4     Snake: Lair:2-4    Spider: Lair:2-4

Altars:
Ashenzari
Cheibriados
Dithmenos
Elyvilon
Fedhas
Gozag
Hepliaklqana
Kikubaaqudgha
Makhleb
Nemelex Xobeh
Okawaru
Qazlal
Ru
Sif Muna
Trog
Uskayaw
Vehumet
Wu Jian
Xom
Yredelemnul
Zin
The Shining One

Shops:
D:7 [

Portals:
Trove: D:10 (show slimy rune of Zot)

Annotations:
Lair:1 exclusion: oklob plant
Lair:2 exclusion: oklob plant


Innate Abilities, Weirdness & Mutations

You are too large for most types of armour.
You have claws for hands.
Your metabolism is lightning-fast.
You like to eat raw meat.
Your natural rate of healing is unusually fast.
You are covered in fur. (AC +1)
You have extremely tough skin. (AC +3)


Message History

Things that are here:
4 chunks of flesh; a wolf skeleton A rime drake comes into view.
The wolf closely misses you.
You spin and attack the wolf.
You barely miss the wolf. The wolf bites you but does no damage.
The wolf bites you!
* * * LOW HITPOINT WARNING * * *
You spin and attack the wolf.
You barely miss the wolf. The wolf barely misses you. x2
You spin and attack the wolf.
You barely miss the wolf. The wolf bites you.
* * * LOW HITPOINT WARNING * * *
You spin and attack the wolf.
You scratch the wolf.
The wolf is lightly wounded.
The wolf bites you!
* * * LOW HITPOINT WARNING * * *
The wolf bites you but does no damage.
You spin and attack the wolf.
You miss the wolf. Your claw misses the wolf.
The wolf is lightly wounded.
The wolf bites you.
You die...

##.##.##..###.####........##
#######...#.)##...........#
##.#.#..............#
#....^.###........##
##PP.≈.≈##.....)..## ###
##..≈.≈.....>÷....#
##########.#####.≈.≈...........#
#P.##............≈≈≈##......^.##
......÷.####..#.@..####..##..##
P.#...P...#######h.# #..#P.##
..###.P.### ##.## ##....##
...##.#.### #...#P#####...#
..##..#.#.### ##.......# #...#
....†....h..###%#.P###....#.P####
..##.?...#.#......###............
..##..P..#..k.###.# #####..#..##.
.####.P.##...## #.# ##.###...


You could see a wolf.

Vanquished Creatures
  Snorg (D:10)
  Harold (D:10)
  A vault guard (D:10)
  3 hydras
  3 two-headed ogres
  A tengu warrior (D:11)
  An unseen horror (D:10)
  4 ugly things
  A manticore (D:11)
  Psyche (D:10)
  A centaur skeleton (D:12)
  5 spiny frogs
  4 kobold demonologists (D:12)
  A rime drake (Lair:1)
  2 komodo dragons
  A troll (D:10)
  A hornet (D:12)
  4 slime creatures (D:11)
  4 hippogriffs
  A wyvern (D:10)
  A spriggan (D:7)
  A basilisk (Lair:1)
  9 yaks
  2 hungry ghosts
  A steam dragon (D:11)
  Menkaure (Ossuary)
  A water moccasin (D:7)
  2 porcupines
  9 orc warriors
  2 phantoms
  2 ice beasts
  2 sky beasts
  2 black bears (D:10)
  2 eyes of draining
  8 ogres
  2 necrophages
  3 centaurs
  6 wolves (Lair:2)
  2 crocodiles
  Blork the orc (D:5)
  3 big kobolds
  13 bullfrogs
  A gnoll sergeant (D:7)
  A wyvern skeleton (D:8)
  A water moccasin skeleton (D:10)
  3 scorpions
  22 killer bees
  11 wights
  2 bullfrog zombies
  3 centaur zombies
  6 crimson imps
  8 hounds
  A jelly (D:9)
  15 orc priests
  3 bullfrog skeletons
  17 orc wizards
  Ijyb (D:3)
  4 iguanas
  8 worker ants
  A killer bee zombie (D:5)
  A hound zombie (D:6)
  A hound skeleton (D:6)
  3 mummies (Ossuary)
  2 howler monkey skeletons
  13 gnolls
  18 adders
  2 shadow imps
  An ooze (D:7)
  2 worms (D:3)
  2 dart slugs
  4 leopard geckos
  64 orcs
  4 bats
  4 giant cockroaches
  7 gnoll zombies (Ossuary)
  7 goblins
  4 hobgoblins
  4 jackals
  18 kobolds
  5 quokkas
  2 ball pythons
  3 frilled lizards
  2 gnoll skeletons (Ossuary)
  5 goblin skeletons (Ossuary)
  3 goblin zombies (Ossuary)
  4 hobgoblin skeletons (Ossuary)
  7 hobgoblin zombies (Ossuary)
  4 kobold skeletons (Ossuary)
  3 kobold zombies (Ossuary)
  3 orc skeletons (Ossuary)
  3 orc zombies (Ossuary)
  11 rats
  7 rat skeletons (Ossuary)
  2 rat zombies (Ossuary)
449 creatures vanquished.

Vanquished Creatures (others)
  2 fungi
  A plant (Lair:2)
3 creatures vanquished.

Grand Total: 452 creatures vanquished

Notes
Turn   | Place    | Note
-------+----------+-------------------------------------------
     0 | D:1      | Argons the Troll Transmuter began the quest for the Orb.
     0 | D:1      | Reached XP level 1. HP: 18/18 MP: 1/1
   117 | D:1      | Reached skill level 1 in Throwing
   117 | D:1      | Reached XP level 2. HP: 26/26 MP: 2/2
   434 | D:1      | Reached XP level 3. HP: 32/32 MP: 3/3
   778 | D:2      | Found a blossoming altar of Fedhas.
   808 | D:2      | Found a basalt altar of Yredelemnul.
   808 | D:2      | Found a shimmering altar of Xom.
   907 | D:2      | Reached skill level 4 in Unarmed Combat
   927 | D:2      | Reached XP level 4. HP: 35/40 MP: 4/4
  1592 | D:3      | Reached XP level 5. HP: 46/46 MP: 5/5
  1673 | D:3      | Noticed Ijyb
  1682 | D:3      | Killed Ijyb
  2011 | D:3      | Found a shattered altar of Ashenzari.
  2259 | D:4      | Reached skill level 5 in Unarmed Combat
  2495 | D:4      | Found a shadowy altar of Dithmenos.
  2506 | D:4      | Reached XP level 6. HP: 51/54 MP: 6/6
  2522 | D:4      | Found a sand-covered staircase.
  2527 | D:4      | Found the amulet of the Air {Inacc +Fly rElec EV+5 RMsl}
  2535 | Ossuary  | Entered an ossuary
  2855 | Ossuary  | Noticed Menkaure
  2878 | Ossuary  | Killed Menkaure
  3046 | D:4      | Reached skill level 6 in Unarmed Combat
  3046 | D:4      | Reached XP level 7. HP: 45/61 MP: 7/7
  3529 | D:4      | Reached skill level 5 in Throwing
  3626 | D:5      | Entered Level 5 of the Dungeon
  3737 | D:5      | Found a staircase to the Ecumenical Temple.
  3748 | Temple   | Entered the Ecumenical Temple
  3797 | Temple   | Became a worshipper of the Wu Jian Council
  4019 | D:5      | Reached skill level 7 in Unarmed Combat
  4150 | D:5      | Reached XP level 8. HP: 68/68 MP: 8/8
  4273 | D:5      | Noticed Blork the orc
  4302 | D:5      | Killed Blork the orc
  4489 | D:5      | Reached skill level 8 in Unarmed Combat
  4995 | D:6      | Found a white marble altar of Elyvilon.
  5141 | D:6      | Reached XP level 9. HP: 75/75 MP: 9/9
  5149 | D:6      | Reached skill level 9 in Unarmed Combat
  5151 | D:6      | Reached * piety under Wu Jian
  5346 | D:6      | Found a bloodstained altar of Trog.
  5627 | D:7      | Found Bekoent's Armour Shoppe.
  5629 | D:7      | Noticed a two-headed ogre
  5819 | D:7      | Reached skill level 1 in Fighting
  5867 | D:7      | Found an iron altar of Okawaru.
  6185 | D:7      | Found a radiant altar of Vehumet.
  6185 | D:7      | Found a sparkling altar of Nemelex Xobeh.
  6186 | D:7      | Found a snail-covered altar of Cheibriados.
  6604 | D:7      | Killed a two-headed ogre
  6604 | D:7      | Reached skill level 10 in Unarmed Combat
  6738 | D:8      | Identified a scroll of acquirement
  6739 | D:8      | Got the ring "Kaxa" {rF+ MP-9 AC+4 Int+7}
  6822 | D:8      | Reached XP level 10. HP: 93/93 MP: 1/10
  7004 | D:8      | Reached ** piety under Wu Jian
  7253 | D:8      | Reached skill level 5 in Fighting
  7253 | D:8      | Reached skill level 11 in Unarmed Combat
  7326 | D:8      | Found a radiant altar of Vehumet.
  7571 | D:9      | Reached skill level 1 in Armour
  7597 | D:9      | You fall into a shaft and drop 3 floors!
  7597 | D:12     | Noticed a cyan ugly thing
  7695 | D:11     | Noticed a manticore
  7704 | D:11     | Killed a manticore
  7721 | D:10     | Entered Level 10 of the Dungeon
  8056 | D:9      | Reached *** piety under Wu Jian
  8215 | D:9      | Found a hazy altar of Hepliaklqana.
  8511 | D:10     | Noticed Snorg
  8631 | D:10     | Reached skill level 12 in Unarmed Combat
  8643 | D:10     | Reached **** piety under Wu Jian
  8680 | D:10     | Found a staircase to the Orcish Mines.
  8988 | D:10     | Killed Snorg
  8988 | D:10     | Reached XP level 11. HP: 103/103 MP: 2/11
  9109 | D:10     | Killed an unseen horror
  9109 | D:10     | Reached skill level 5 in Armour
  9425 | D:10     | Noticed Harold
  9426 | D:10     | Noticed Psyche
  9497 | D:10     | Found a staircase to the Lair.
  9553 | Lair:1   | Entered Level 1 of the Lair of Beasts
 10100 | Lair:1   | Noticed an oklob plant
 10420 | D:10     | Noticed a two-headed ogre
 10444 | D:10     | Killed a two-headed ogre
 10500 | D:10     | Killed Harold
 10506 | D:10     | Killed Psyche
 10591 | D:10     | Got a slimy mace
 10693 | D:10     | Noticed a vault guard
 10700 | D:10     | Killed a vault guard
 10706 | D:10     | Found a portal to a secret trove of treasure.
 10861 | D:11     | Noticed a two-headed ogre
 10862 | D:11     | Noticed a white ugly thing
 10982 | D:11     | Noticed a tengu warrior
 11037 | D:11     | Killed a tengu warrior
 11037 | D:11     | Reached XP level 12. HP: 76/119 MP: 3/12
 11174 | D:11     | Killed a two-headed ogre
 12148 | D:12     | Noticed an eight-headed hydra
 12151 | D:12     | Reached ***** piety under Wu Jian
 12154 | D:12     | Killed a nine-headed hydra
 12459 | D:11     | Reached skill level 13 in Unarmed Combat
 12968 | Lair:2   | Noticed an eight-headed hydra
 12978 | Lair:2   | HP: 2/122 [ten-headed hydra (6)]
 12980 | Lair:2   | Killed a ten-headed hydra
 13332 | Lair:2   | Reached skill level 14 in Unarmed Combat
 13677 | Lair:2   | Noticed a five-headed hydra
 13701 | Lair:2   | Killed a five-headed hydra
 13721 | Lair:2   | HP: 4/122 [wolf (7)]
 13722 | Lair:2   | Slain by a wolf

Illustrated notes

Levels and vault maps discovered:
D:1:      eino_arrival_water_star, layout_rooms
D:2:      minmay_door_path, layout_loops_ring,
          gammafunk_temple_overflow_forgotten, first_ration
D:3:      layout_basic, nicolae_overflow_crystal_walls, minmay_quantized,
          uniq_ijyb
D:4:      layout_loops_corners, nicolae_ossuary_entry_ruins,
          kennysheep_big_empty_room, grunt_decor_cap,
          nicolae_dithmenos_through_a_glass_darkly
D:5:      layout_basic, minmay_temple_entry_purple_smoke, grunt_decor_fettered,
          uniq_blork_the_orc
D:6:      layout_cave_pools, lightli_temple_of_fire, elyvilon_altar_3
D:7:      layout_loops_cross, okawaru_gym_becter, grunt_temple_overflow_open,
          serial_shops, nicolae_shop_statue_plus, the_bakery
D:8:      layout_loops_ring, basic_altar, minmay_manual_mess
D:9:      layout_roguey, overflow_temple_1_default
D:10:     layout_irregular_city, grunt_lair_entry_orc_guard_hut,
          hiddenorc2_lemuel, enter_trove_5, uniq_snorg, uniq_psyche, uniq_harold
D:11:     layout_small_grid
D:12:     layout_loops_ring, serial_undead, serial_undead_c, serial_undead_d,
          serial_undead_e, serial_undead_f
Temple:   eino_wide_crystal_templ
Lair:1:   minmay_lair_oklob_tunnel, layout_concentric_octagons,
          serial_bayou_pond_e, infiniplex_staircase_pool
Lair:2:   layout_loops_ring, basic_altar, minmay_lair_oklob_bushes, st_stairs_5,
          chequers_serial_rivers_micro_d

Skill      XL: |  1  2  3  4  5  6  7  8  9 10 11 12 |
---------------+-------------------------------------+-----
Throwing       | 1 2 3 4 5 7 8 |  8.0
Unarmed Combat | 4 5 6 7 8 10 12 14 | 14.4
Fighting       | 4 5 8 9 |  9.0
Armour         | 4 7 8 |  8.0
Dodging        | |  1.5
Spellcasting   | |  1.2
Transmutations | |  1.3

Action                   |  1- 3 |  4- 6 |  7- 9 | 10-12 || total
-------------------------+-------+-------+-------+-------++-------
Melee: Unarmed           |   127 |   221 |   321 |   801 ||  1470
       Punch             |     1 |       |    12 |    28 ||    41
Throw: Dart              |       |       |    20 |     9 ||    29
       Javelin           |       |       |       |     5 ||     5
Invok: Lunge             |       |       |    17 |    33 ||    50
       Whirlwind         |       |       |       |   203 ||   203
       Serpent's Lash    |       |       |       |     1 ||     1
 Abil: Wall Jump         |       |       |       |    17 ||    17
Evoke: Wand              |       |       |       |    18 ||    18
  Use: Scroll            |       |    16 |     6 |     3 ||    25
       Potion            |       |       |       |     1 ||     1
 Stab: Sleeping          |       |       |     1 |     1 ||     2
       Distracted        |       |       |     1 |       ||     1
  Eat: Chunk             |    12 |    15 |    40 |    70 ||   137
       Ration            |       |       |       |     1 ||     1
Armor: Robe              |    40 |    48 |    57 |   281 ||   426
       Skin              |       |       |       |    14 ||    14
Dodge: Dodged            |    45 |    67 |    98 |   370 ||   580

Table legend:
 A = Non-vault XP
 B = Vault XP
 C = Vault XP percentage of total XP
 D = Non-vault monster count
 E = Vault monster count
 F = Vault count percentage of total count
                 A         B        C        D         E       F
            +---------+---------+-------+---------+---------+-------
      Total |   31540 |    6053 |  16.1 |     335 |     111 |  24.9
            +---------+---------+-------+---------+---------+-------
        D:1 |      59 |       0 |   0.0 |      26 |       0 |   0.0
        D:2 |     110 |      14 |  11.3 |      16 |       2 |  11.1
        D:3 |      67 |      42 |  38.5 |      15 |       5 |  25.0
        D:4 |     505 |       0 |   0.0 |      16 |       0 |   0.0
        D:5 |     886 |      94 |   9.6 |      24 |       1 |   4.0
        D:6 |    1272 |       0 |   0.0 |      25 |       0 |   0.0
        D:7 |    1898 |     215 |  10.2 |      32 |       1 |   3.0
        D:8 |    1446 |     156 |   9.7 |      26 |       3 |  10.3
        D:9 |    1278 |      88 |   6.4 |      24 |       1 |   4.0
       D:10 |    4148 |    4780 |  53.5 |      32 |      41 |  56.2
       D:11 |    6248 |       0 |   0.0 |      32 |       0 |   0.0
       D:12 |    4345 |     332 |   7.1 |      31 |       5 |  13.9
     Lair:1 |    3370 |       0 |   0.0 |      12 |       0 |   0.0
     Lair:2 |    5908 |      84 |   1.4 |      24 |       1 |   4.0
    Ossuary |       0 |     248 | 100.0 |       0 |      51 | 100.0
            +---------+---------+-------+---------+---------+-------
